 Dungeon Crawl Stone Soup version 0.20.1-1-g8b1a95d (webtiles) character file.

202 Irenicus the Chopper (level 5, 0/46 HPs)
             Began as a Deep Dwarf Monk on Oct 27, 2017.
             Slain by a gnoll (6 damage)
             ... on level 3 of the Dungeon.
             The game lasted 00:04:42 (1395 turns).

Irenicus the Chopper (Deep Dwarf Monk)              Turns: 1395, Time: 00:04:43

Health: 0/46       AC:  4    Str: 14    XL:     5   Next: 50%
Magic:  4/4        EV: 11    Int: 11    God:
Gold:   83         SH:  0    Dex: 16    Spells: 4/4 levels left

rFire    . . .     SeeInvis .   a - +0 hand axe
rCold    . . .     Gourm    .   (no shield)
rNeg     . . .     Faith    .   k - +0 leather armour
rPois    .         Spirit   .   g - +1 hat
rElec    .         Reflect  .   (no cloak)
rCorr    .         Harm     .   (no gloves)
MR       .....                  (no boots)
Stlth    +.........             (no amulet)
Regen    0.0/turn               (no ring)
MPRegen  0.1/turn               (no ring)

@: non-regenerating, very heavily drained
A: damage resistance, heal wounds, sense surroundings 1, no regeneration
a: Heal Wounds


You were on level 3 of the Dungeon.
You were not hungry.

You visited 1 branch of the dungeon, and saw 3 of its levels.

You collected 83 gold pieces.

Inventory:

Hand Weapons
 a - a +0 hand axe (weapon)
Armour
 b - a +0 robe
 g - a +1 hat (worn)
 k - a +0 leather armour (worn)
Jewellery
 d - an uncursed ring of flight {unknown}
 n - an uncursed ring of poison resistance {unknown}
Wands
 o - a wand of iceblast (9/15)
Scrolls
 e - a scroll of teleportation {unknown}
 f - 2 scrolls of recharging {unknown}
 i - 2 scrolls of fog {unknown}
 l - a scroll of identify {unknown}
 m - a scroll of remove curse {unknown}
Comestibles
 c - 3 bread rations
 h - a fruit
 j - a meat ration
 p - 5 chunks of flesh


   Skills:
 - Level 2.6(0.0) Fighting
 + Level 6.9(3.6) Axes
 - Level 3.2(0.3) Dodging
 - Level 2.4(0.0) Stealth


You had 4 spell levels left.
You didn't know any spells.

Dungeon Overview and Level Annotations

Branches:
Dungeon (3/15)

Altars:


Innate Abilities, Weirdness & Mutations

You are resistant to damage.
You can heal yourself by infusing magical energy.
You passively map a small area around you.
You do not regenerate.


Message History

You barely miss the gnoll.
The gnoll is lightly wounded.
The gnoll hits you but does no damage.
You hit the gnoll.
The gnoll is moderately wounded.
The gnoll hits you!
* * * LOW HITPOINT WARNING * * *
You hit the gnoll.
The gnoll is severely wounded.
The gnoll barely misses you. The gnoll hits you but does no damage.
You hit the gnoll.
The gnoll is almost dead.
The gnoll closely misses you.
You barely miss the gnoll.
The gnoll is almost dead.
The gnoll hits you but does no damage.
You hit the gnoll but do no damage.
The gnoll is almost dead.
The gnoll hits you!
You die...

,, ..#.# * *
*#..# #g.#
#..# , * *
#g.# * #..#
#..# *
##########..#
*
#.......@g..#
#.###.#######
#.# #.# #.#
#.# #.# #.# *
#.# #.# * #.#
#.# , #.# #.#
#.###.#


You could see a gnoll.

Vanquished Creatures
  Ijyb (D:3)
  8 gnolls
  4 adders (D:2)
  An ooze (D:1)
  3 worms
  A dart slug (D:3)
  3 leopard geckos
  7 bats
  3 giant cockroaches
  A hobgoblin (D:2)
  2 frilled lizards (D:1)
  5 goblins
  9 kobolds
  5 rats
53 creatures vanquished.

Notes
Turn   | Place    | Note
-------+----------+-------------------------------------------
     0 | D:1      | Irenicus the Deep Dwarf Monk began the quest for the Orb.
     0 | D:1      | Reached XP level 1. HP: 20/20 MP: 1/1
   241 | D:1      | Reached XP level 2. HP: 24/27 MP: 2/2
   309 | D:1      | Reached skill level 4 in Axes
   722 | D:2      | Reached XP level 3. HP: 17/33 MP: 3/3
   748 | D:2      | Reached skill level 5 in Axes
   871 | D:2      | Reached XP level 4. HP: 28/40 MP: 4/4
  1228 | D:3      | Noticed Ijyb
  1259 | D:3      | Killed Ijyb
  1259 | D:3      | Reached skill level 6 in Axes
  1292 | D:3      | Reached XP level 5. HP: 28/46 MP: 5/5
  1378 | D:3      | HP: 2/46 [gnoll/whip of flaming (2)]
  1395 | D:3      | Slain by a gnoll

Skill      XL: |  1  2  3  4 |
---------------+-------------+-----
Axes           | 4 5 6 |  6.9
Fighting       | |  2.6
Dodging        | |  3.2
Stealth        | |  2.4

Action                   |  1- 3 |  4- 6 || total
-------------------------+-------+-------++-------
Melee: Hand axe          |   113 |   115 ||   228
 Abil: Heal Wounds       |     2 |     3 ||     5
  Use: Potion            |     1 |     1 ||     2
 Stab: Sleeping          |     1 |     4 ||     5
  Eat: Chunk             |       |     2 ||     2
Armor: Robe              |     7 |       ||     7
       Leather armour    |    14 |    25 ||    39
Dodge: Dodged            |    95 |    55 ||   150
